 Dungeon Crawl Stone Soup version 0.24-a0-499-g1074bba3cf (webtiles) character file.

Game seed: 10660247075381508791

12853 Inarius the Cleaver (level 11, 89/89 HPs)
             Began as a Demonspawn Hunter on July 14, 2019.
             Was an Elder of Trog.
             Starved to death
             ... while paralysed
             ... in a bazaar.
             The game lasted 00:25:49 (15746 turns).

Inarius the Cleaver (Demonspawn Hunter)            Turns: 15746, Time: 00:25:50

Health: 89/89      AC: 18    Str: 17    XL:     11   Next: 67%
Magic:  7/7        EV:  2    Int: 14    God:    Trog [****..]
Gold:   21         SH:  0    Dex: 17    Spells: 10/10 levels left

rFire    . . .     SeeInvis .   K - +10 hand axe "Veavuh Pea" {antimagic, rElec rC++ MP+9 Dex+2}
rCold    + + +     Gourm    .   h - +0 shield
rNeg     . . .     Faith    .   o - +0 plate armour
rPois    .         Spirit   .   (helmet restricted)
rElec    +         Reflect  .   E - +0 cloak
rCorr    .         Harm     .   x - +0 pair of gloves
MR       .....                  t - +2 pair of boots {Fly}
Stlth    ..........             A - amulet of the acrobat
HPRegen  0.24/turn              c - +2 ring of dexterity
MPRegen  0.10/turn              N - +2 ring of intelligence

@: paralysed, flying, fainting
A: antennae 2, hooves 1, cold resistance 1, powered by death 1, freezing cloud
immunity
a: Berserk, Trog's Hand, Brothers in Arms, Renounce Religion, Stop Flying


You were in a bazaar.
You worshipped Trog.
Trog was greatly pleased with you.
You were fainting.

You visited 1 branch of the dungeon, and saw 12 of its levels.
You visited 1 bazaar.

You collected 781 gold pieces.
You spent 760 gold pieces at shops.

Inventory:

Hand Weapons
 K - the +10 hand axe "Veavuh Pea" (weapon) {antimagic, rElec rC++ MP+9 Dex+2}
   (You found it on level 8 of the Dungeon)

   It reduces the magical energy of the wielder, and disrupts the spells and
   magical abilities of those hit.
   Natural abilities and divine invocations are not affected.
   It affects your dexterity (+2).
   It greatly protects you from cold.
   It insulates you from electricity.
   It affects your magic capacity (+9).
 S - a +1 hand axe of flaming
Missiles
 d - 6 throwing nets
 j - 5 javelins
 n - 5 boomerangs of dispersal
 r - 26 boomerangs (quivered)
Armour
 h - a +0 shield (worn)
 o - a +0 plate armour (worn)
 t - a +2 pair of boots of flying (worn)
 x - a +0 pair of gloves (worn)
 E - a +0 cloak (worn)
 H - a +2 leather armour of fire resistance
Jewellery
 c - a +2 ring of dexterity (left hand)
 A - an amulet of the acrobat (around neck)
 N - a +2 ring of intelligence (right hand)
Wands
 w - a wand of acid (1)
 C - a wand of disintegration (5)
 I - a wand of enslavement (7)
Scrolls
 a - 2 scrolls of amnesia
 b - 5 scrolls of remove curse
 e - 4 scrolls of fear
 g - 2 scrolls of blinking
 i - 3 scrolls of enchant armour
 k - a scroll of magic mapping
 m - 5 scrolls of fog
 B - 3 scrolls of enchant weapon
 J - a scroll of silence {unknown}
 L - a scroll of noise {unknown}
Potions
 l - 2 potions of haste
 p - a potion of mutation {unknown}
 q - 2 potions of brilliance {unknown}
 s - 2 potions of invisibility
 v - 5 potions of curing
 z - a potion of agility
 D - 2 potions of resistance
 F - 2 potions of might
 G - a potion of heal wounds
 M - a potion of ambrosia
 P - 2 potions of degeneration
 Q - a potion of flight {unknown}


   Skills:
 * Level 9.2 Fighting
 * Level 11.4 Axes
 - Level 3.6 Throwing
 + Level 6.5 Armour
 + Level 3.4 Dodging
 - Level 0.8 Stealth
 + Level 4.8 Shields
 * Level 4.5 Evocations


You had 10 spell levels left.
You didn't know any spells.
Your spell library was empty.

Dungeon Overview and Level Annotations

Branches:
Dungeon (13/15)            Temple (0/1) D:5            Lair (0/6) D:9
    Orc (0/2) D:11         Vaults (0/5) D:13

Altars:
Elyvilon
Fedhas
Gozag
Hepliaklqana
Kikubaaqudgha
Okawaru
Qazlal
Sif Muna
Trog
Vehumet
Zin
Lugonu

Shops:
D:4 !

Annotations:
D:6 2 transporters, Avack's ghost, amateur VSGl
D:7 2 transporters


Innate Abilities, Weirdness & Mutations

You have a pair of antennae on your head.
You have large cloven feet.
Your flesh is cold resistant. (rC+)
You regenerate a little health from kills.
You are immune to freezing clouds.


Message History

You're too hungry to rest.
You're too hungry to rest.
You're too hungry to rest.
You're too hungry to rest.
You're too hungry to rest.
You're too hungry to rest.
You are fainting from starvation!
You lose consciousness!
You can move again.
You lose consciousness!
You can move again.
You lose consciousness!
You can move again.
You lose consciousness!
You can move again.
You lose consciousness!
You can move again.
You lose consciousness!
You have starved to death.
You die...

≈≈≈≈≈≈≈≈≈≈≈≈≈≈≈≈≈≈≈≈≈≈≈≈≈≈##
#########≈≈≈≈≈≈≈≈≈≈≈≈≈≈≈≈≈≈#
#.......##≈≈≈≈≈≈≈≈≈≈≈≈≈≈≈≈≈#
....∩....##≈≈≈≈≈≈≈≈≈≈≈≈≈≈≈≈#
..........##≈≈≈≈≈≈≈≈≈≈≈≈≈≈≈#
...........##≈≈≈≈≈≈≈≈≈≈≈≈≈≈#
.∩..........#≈≈≈≈≈≈≈≈≈≈≈≈≈≈#
............#≈≈≈≈≈≈≈≈≈≈≈≈≈≈#
..........∩.#≈≈≈@≈≈≈≈≈≈≈≈≈≈#
............#≈≈≈≈≈≈≈≈≈≈≈≈≈≈#
............#≈≈≈≈≈≈≈≈≈≈≈≈≈≈#
.∩.....∩....#≈≈≈≈≈≈≈≈≈≈≈≈≈≈#
...........##≈≈≈≈≈≈≈≈≈≈≈≈≈≈#
..........##≈≈≈≈≈≈≈≈≈≈≈≈≈≈≈#
....∩....##≈≈≈≈≈≈≈≈≈≈≈≈≈≈≈≈#
#.......##≈≈≈≈≈≈≈≈≈≈≈≈≈≈≈≈≈#
#########≈≈≈≈≈≈≈≈≈≈≈≈≈≈≈≈≈≈#


There were no monsters in sight!

Vanquished Creatures
  Harold (D:7)
  A centaur warrior (D:13)
  2 dancing weapons (D:13)
  A two-headed ogre (D:10)
  An unseen horror (D:11)
  An elephant (D:9)
  2 cyclopes (D:13)
  2 manticores
  Joseph (D:7)
  A gargoyle (D:10)
  2 trolls
  2 slime creatures (D:13)
  A hippogriff (D:13)
  A spriggan (D:9)
  6 yaks (D:9)
  A steam dragon (D:11)
  A hungry ghost (D:8)
  3 orc warriors
  An eye of draining (D:13)
  2 ice beasts
  2 sky beasts
  2 phantoms
  4 centaurs
  4 ogres
  3 crocodiles
  2 big kobolds (D:10)
  Blork the orc (D:4)
  3 bullfrogs
  4 scorpions
  5 killer bees (D:8)
  5 wights (D:10)
  3 crimson imps
  5 hounds
  2 quasits
  A jelly (D:8)
  5 orc priests
  A centaur skeleton (D:6)
  A bullfrog skeleton (D:10)
  Jessica (D:2)
  5 iguanas
  17 orc wizards
  A worker ant (D:8)
  A hound skeleton (D:3)
  Robin (D:2)
  16 gnolls
  13 adders
  4 shadow imps
  An ooze (D:3)
  An adder zombie (D:6)
  An adder skeleton (D:4)
  3 worms
  3 dart slugs
  3 leopard geckos
  51 orcs
  A giant cockroach (D:3)
  13 goblins
  11 hobgoblins
  15 jackals
  10 kobolds
  3 quokkas
  10 bats
  11 frilled lizards
  A leopard gecko skeleton (D:6)
  4 quokka skeletons
  A quokka zombie (D:5)
  11 rats
299 creatures vanquished.

Notes
Turn   | Place    | Note
-------+----------+-------------------------------------------
     0 | D:1      | Inarius the Demonspawn Hunter began the quest for the Orb.
     0 | D:1      | Reached XP level 1. HP: 16/16 MP: 1/1
   149 | D:1      | Gained mutation: Your flesh is cold resistant. (rC+)
                  | [demonic ancestry]
   149 | D:1      | Reached XP level 2. HP: 15/23 MP: 2/2
   644 | D:1      | Reached skill level 1 in Axes
   856 | D:2      | Gained mutation: You have a pair of small antennae on your
                  | head. [demonic ancestry]
   856 | D:2      | Reached XP level 3. HP: 28/28 MP: 3/3
  1535 | D:2      | Reached XP level 4. HP: 7/35 MP: 4/4
  1623 | D:2      | Reached skill level 1 in Armour
  1897 | D:2      | Reached skill level 2 in Axes
  2057 | D:2      | Noticed Robin
  2675 | D:2      | Killed Robin
  2675 | D:2      | Gained mutation: You have a pair of antennae on your head.
                  | [demonic ancestry]
  2675 | D:2      | Reached XP level 5. HP: 35/41 MP: 5/5
  3024 | D:2      | Noticed Jessica
  3037 | D:2      | Killed Jessica
  3828 | D:3      | Found a radiant altar of Vehumet.
  3828 | D:3      | Found a bloodstained altar of Trog.
  3841 | D:3      | Reached XP level 6. HP: 13/48 MP: 6/6
  4064 | D:3      | Found a glowing silver altar of Zin.
  4069 | D:3      | Found a deep blue altar of Sif Muna.
  4070 | D:3      | Found an ancient bone altar of Kikubaaqudgha.
  4082 | D:3      | Became a worshipper of Trog the Wrathful
  4132 | D:3      | Found a blossoming altar of Fedhas.
  4816 | D:4      | Reached skill level 3 in Axes
  5598 | D:4      | Gained mutation: You are immune to freezing clouds.
                  | [demonic ancestry]
  5598 | D:4      | Reached XP level 7. HP: 36/55 MP: 7/7
  5707 | D:4      | Noticed Blork the orc
  5731 | D:4      | Killed Blork the orc
  5889 | D:4      | Found Joreengo's Distillery.
  5897 | D:4      | Bought a potion of haste for 130 gold pieces
  5912 | D:4      | Reached skill level 5 in Fighting
  6545 | D:5      | Entered Level 5 of the Dungeon
  6561 | D:5      | Reached skill level 1 in Shields
  6805 | D:5      | Reached skill level 4 in Axes
  6897 | D:5      | Reached * piety under Trog
  7758 | D:5      | Found a staircase to the Ecumenical Temple.
  7913 | D:6      | Gained mutation: You regenerate a little health from kills.
                  | [demonic ancestry]
  7913 | D:6      | Reached XP level 8. HP: 52/63 MP: 8/8
  8110 | D:6      | Found a transporter.
  8332 | D:6      | Reached skill level 5 in Axes
  8408 | D:6      | Found a blossoming altar of Fedhas.
  8408 | D:6      | Found an iron altar of Okawaru.
  8409 | D:6      | Found an opulent altar of Gozag.
  8409 | D:6      | Found a white marble altar of Elyvilon.
  8409 | D:6      | Found a transporter.
  8672 | D:6      | Found a hazy altar of Hepliaklqana.
  8698 | D:6      | Noticed Avack's ghost (amateur VSGl)
  8752 | D:6      | Reached skill level 6 in Axes
  9157 | D:7      | Noticed a red ugly thing
  9157 | D:7      | Noticed a cyan ugly thing
  9159 | D:7      | Noticed a white ugly thing
  9160 | D:7      | Found a corrupted altar of Lugonu.
  9160 | D:7      | Found a transporter.
  9160 | D:7      | Noticed a purple ugly thing
  9244 | D:7      | Found a stormy altar of Qazlal.
  9414 | D:7      | Noticed Joseph
  9428 | D:7      | Noticed Harold
  9435 | D:7      | Killed Joseph
  9435 | D:7      | Reached skill level 7 in Axes
  9435 | D:7      | Gained mutation: You have large cloven feet. [demonic
                  | ancestry]
  9435 | D:7      | Reached XP level 9. HP: 71/71 MP: 9/9
  9441 | D:7      | Killed Harold
  9441 | D:7      | Reached skill level 8 in Axes
  9492 | D:7      | Found a transporter.
  9626 | D:8      | Reached ** piety under Trog
  9777 | D:8      | Got a steaming hand axe
 10140 | D:8      | Reached skill level 9 in Axes
 10153 | D:8      | Reached skill level 1 in Evocations
 10171 | D:8      | Identified the +10 hand axe "Veavuh Pea" {antimagic, rElec
                  | rC++ MP+9 Dex+2} (You found it on level 8 of the Dungeon)
 10207 | D:8      | Found a bloodstained altar of Trog.
 10335 | D:8      | Noticed a manticore
 10342 | D:8      | Killed a manticore
 10342 | D:8      | Reached XP level 10. HP: 71/79 MP: 6/11
 10698 | D:9      | Found a staircase to the Lair.
 10698 | D:9      | Noticed an elephant
 10704 | D:9      | Reached *** piety under Trog
 10710 | D:9      | Killed an elephant
 10720 | D:9      | Reached skill level 5 in Armour
 11273 | D:9      | Reached skill level 10 in Axes
 11696 | D:10     | Entered Level 10 of the Dungeon
 11866 | D:10     | Noticed a two-headed ogre
 11870 | D:10     | Killed a two-headed ogre
 12197 | D:10     | Received a gift from Trog
 12487 | D:11     | Noticed a gargoyle
 12626 | D:10     | Killed a gargoyle
 12626 | D:10     | Reached XP level 11. HP: 87/87 MP: 7/13
 12837 | D:11     | Killed an unseen horror
 12852 | D:11     | Reached **** piety under Trog
 12884 | D:11     | Found a staircase to the Orcish Mines.
 13037 | D:11     | You fall into a shaft and drop 2 floors!
 13082 | D:13     | Found a gate to the Vaults.
 13082 | D:13     | Noticed a +6 long sword
 13082 | D:13     | Noticed a +8 long sword
 13088 | D:13     | Killed a +8 long sword
 13088 | D:13     | Reached skill level 11 in Axes
 13098 | D:13     | Killed a +6 long sword
 13477 | D:13     | Found a flickering gateway to a bazaar.
 13477 | D:13     | Noticed a centaur warrior
 13491 | D:13     | Killed a centaur warrior
 13506 | Bazaar   | Entered a bazaar
 13506 | Bazaar   | Found Daghuoc's Antique Weapon Shop.
 13506 | Bazaar   | Found Hocyown's Armour Shoppe.
 13506 | Bazaar   | Found Riehujom's Antique Weapon Shop.
 13508 | Bazaar   | Found Yjeun's Magic Scroll Shoppe.
 13508 | Bazaar   | Found Kifruwk's Book Boutique.
 13714 | Bazaar   | Bought a +2 pair of boots of flying for 387 gold pieces
 13724 | Bazaar   | Bought a scroll of identify for 36 gold pieces
 13724 | Bazaar   | Bought a scroll of enchant weapon for 135 gold pieces
 13724 | Bazaar   | Bought a scroll of identify for 36 gold pieces
 13724 | Bazaar   | Bought a scroll of identify for 36 gold pieces
 14486 | Bazaar   | Paralysed by fainting for 6 turns
 14493 | Bazaar   | Paralysed by fainting for 5 turns
 14499 | Bazaar   | Paralysed by fainting for 7 turns
 14509 | Bazaar   | Paralysed by fainting for 8 turns
 14551 | Bazaar   | Paralysed by fainting for 11 turns
 14571 | Bazaar   | Paralysed by fainting for 9 turns
 15612 | Bazaar   | Paralysed by fainting for 7 turns
 15639 | Bazaar   | Paralysed by fainting for 10 turns
 15649 | Bazaar   | Paralysed by fainting for 11 turns
 15665 | Bazaar   | Paralysed by fainting for 5 turns
 15694 | Bazaar   | Paralysed by fainting for 12 turns
 15744 | Bazaar   | Paralysed by fainting for 7 turns
 15746 | Bazaar   | Starved to death

Levels and vault maps discovered:
D:1:      minmay_arrival_arboretum_small, layout_loops_ring,
          serial_park_tiny_pond
D:2:      layout_basic, chequers_arboretum, minmay_circle_x, uniq_jessica,
          uniq_robin
D:3:      layout_loops_ring, chequers_temple_overflow_minitemple,
          corexii_leaking_fountain, fedhas_altar_fruit_tree
D:4:      layout_rooms, serial_shops, shop, chequers_serial_rivers_micro_e,
          uniq_blork_the_orc
D:5:      layout_basic, minmay_temple_entry_glassed_door, first_ration,
          minmay_misc_feat_doors
D:6:      layout_rooms, grunt_temple_overflow_open, gammafunk_ghost_stat_death
D:7:      gammafunk_corrupted_shrine, layout_basic,
          nicolae_qazlal_eye_of_the_storm, uniq_joseph, uniq_harold
D:8:      layout_basic, basic_altar
D:9:      layout_grid_maze, david_lair_generic, the_bakery
D:10:     layout_irregular_city
D:11:     layout_big_octagon, hiddenorc2_lemuel, minivault_23,
          minmay_fractal_squares_gapless_5
D:13:     layout_basic, erik_vaults_1, serial_shops, bzr_entry_water, shop, shop
Bazaar:   bazaar_minmay_generic_island

Skill      XL: |  1  2  3  4  5  6  7  8  9 10 11 |
---------------+----------------------------------+-----
Dodging        | 2 3 |  3.4
Axes           | 1 2 3 4 7 9 10 11 | 11.4
Fighting       | 3 4 5 6 7 8 9 |  9.2
Armour         | 1 2 3 4 5 6 |  6.5
Shields        | 1 2 3 4 |  4.8
Evocations     | 1 3 4 |  4.5
Throwing       | |  3.6
Stealth        | |  0.8

Action                   |  1- 3 |  4- 6 |  7- 9 | 10-12 || total
-------------------------+-------+-------+-------+-------++-------
Melee: Hand axe          |   138 |   319 |    54 |   322 ||   833
       Short sword       |     5 |       |       |       ||     5
       War axe           |       |       |   317 |       ||   317
       Kick              |       |       |    29 |   109 ||   138
Throw: Javelin           |       |    11 |     6 |       ||    17
       Throwing net      |       |     1 |     1 |       ||     2
       Boomerang         |       |     2 |    44 |    13 ||    59
Invok: Berserk           |       |       |     1 |     3 ||     4
       Trog's Hand       |       |       |       |     1 ||     1
Evoke: Wand              |       |       |    17 |     8 ||    25
  Use: Potion            |     3 |     2 |     2 |       ||     7
       Scroll            |       |       |    12 |    17 ||    29
 Stab: Sleeping          |     1 |       |       |       ||     1
  Eat: Chunk             |     2 |    14 |    15 |    10 ||    41
       Ration            |       |       |     1 |     2 ||     3
Armor: Leather armour    |    19 |       |       |       ||    19
       Scale mail        |    40 |   173 |     3 |       ||   216
       Chain mail        |       |       |   110 |       ||   110
       Plate armour      |       |       |   108 |   140 ||   248
       Skin              |       |       |     3 |       ||     3
Dodge: Dodged            |   106 |   205 |   121 |    63 ||   495
Block: Buckler           |       |    45 |    30 |       ||    75
       Shield            |       |       |   100 |   132 ||   232

Table legend:
 A = Non-vault XP
 B = Vault XP
 C = Vault XP percentage of total XP
 D = Non-vault monster count
 E = Vault monster count
 F = Vault count percentage of total count
                 A         B        C        D         E       F
            +---------+---------+-------+---------+---------+-------
      Total |   13412 |    4950 |  27.0 |     237 |      62 |  20.7
            +---------+---------+-------+---------+---------+-------
        D:1 |      40 |       0 |   0.0 |      27 |       0 |   0.0
        D:2 |     132 |      86 |  39.4 |      24 |      20 |  45.5
        D:3 |     204 |       0 |   0.0 |      26 |       0 |   0.0
        D:4 |     408 |      94 |  18.7 |      16 |       1 |   5.9
        D:5 |     362 |       0 |   0.0 |      15 |       0 |   0.0
        D:6 |     976 |       0 |   0.0 |      24 |       0 |   0.0
        D:7 |     256 |    1436 |  84.9 |      12 |       2 |  14.3
        D:8 |    1850 |       0 |   0.0 |      33 |       0 |   0.0
        D:9 |    1729 |    1155 |  40.0 |      17 |       5 |  22.7
       D:10 |    2604 |       0 |   0.0 |      28 |       0 |   0.0
       D:11 |    1304 |     371 |  22.1 |       5 |      32 |  86.5
       D:13 |    3547 |    1808 |  33.8 |      10 |       2 |  16.7
            +---------+---------+-------+---------+---------+-------
